 Dungeon Crawl Stone Soup version 0.31-a0-233-g139696dc86 (webtiles) character file.

Game seed: 13899219462449180694

107 qw the Shooter (level 4, 0/37 HPs)
             Began as a Minotaur Hexslinger on July 9, 2023.
             Slain by a black bear (4 damage)
             ... on level 4 of the Dungeon.
             The game lasted 00:00:45 (1901 turns).

qw the Shooter (Minotaur Hexslinger)                Turns: 1901, Time: 00:00:45

Health: 0/37       AC:  5    Str: 13    XL:     4   Next: 57%
Magic:  4/4        EV: 11    Int: 10    God:
Gold:   140        SH:  0    Dex: 14    Spells: 4/5 levels left

rFire   . . .        Y - +1 sling
rCold   . . .        (no shield)
rNeg    . . .        d - +0 ring mail
rPois   .            (helmet restricted)
rElec   .            (no cloak)
rCorr   .            (no gloves)
SInv    .            (no boots)
Will    +....        (no amulet)
Stlth   +            h - ring of willpower
HPRegen 0.26/turn    (no ring)
MPRegen 0.09/turn

%: no passive effects
@: no status effects
A: horns 2, retaliatory headbutt
a: no special abilities


You were on level 4 of the Dungeon.
You visited 1 branch of the dungeon, and saw 4 of its levels.

You collected 140 gold pieces.


Innate Abilities, Weirdness & Mutations

You have a pair of horns on your head.
You reflexively headbutt those who attack you in melee.


   Skills:
 - Level 2.5 Fighting
 + Level 4.7 Ranged Weapons
 - Level 1.0 Armour
 - Level 2.1 Dodging
 - Level 1.0 Spellcasting
 - Level 2.0 Hexes


You had 4 spell levels left.
You knew the following spells:

 Your Spells              Type           Power      Damage    Failure   Level
a - Slow                  Hex            16%        N/A       32%         1

Your spell library contained the following spells:

 Spells                   Type           Power      Damage    Failure   Level
 Inner Flame              Hex/Fire       2%         N/A       82%         3
 Portal Projectile        Hex/Tloc       4%         N/A       82%         3
 Cause Fear               Hex            2%         N/A       97%         4

Inventory:

Hand Weapons
 Y - a +1 sling (weapon)
Armour
 d - a +0 ring mail (worn)
Jewellery
 h - a ring of willpower (left hand)
Scrolls
 e - a scroll of identify
Potions
 a - a potion of haste {unknown}
 b - 4 potions of curing
 c - a potion of might {unknown}
 g - a potion of degeneration {unknown}

Dungeon Overview and Level Annotations

Branches:
Dungeon (4/15)
 Temple: D:4-7

Altars:
The Shining One

Shops:
D:2 :


Message History

Done exploring.
(D) Dungeon
Where to? (* - list waypoints, Enter - D:3, ? - help)
What level of the Dungeon? (default 1, ? - help)
There is a stone staircase leading down here.
You climb downwards.
Found a leather armour.
There is a stone staircase leading up here.
A hobgoblin is nearby!
Waypoint 3 assigned to D:4.
You shoot a sling bullet. The sling bullet hits the hobgoblin.
You kill the hobgoblin!
You open the door.
There is an open door here. 2 gnolls and a black bear come into view.
The black bear growls angrily.
The gnoll moves out of view.
You shoot a sling bullet. The sling bullet hits the black bear!
The black bear is moderately wounded.
You shoot a sling bullet. The sling bullet hits the black bear.
The black bear is moderately wounded.
You shoot a sling bullet.
The sling bullet barely misses the black bear.
You shoot a sling bullet. The sling bullet hits the black bear.
The black bear is heavily wounded.
You shoot a sling bullet. The sling bullet hits the black bear.
The black bear is heavily wounded.
The black bear bites you.
The black bear claws you. x2; The gnoll misses you.
The gnoll hits you with a +0 flail.
You shoot a sling bullet. The sling bullet hits the black bear.
The black bear is severely wounded.
The black bear goes berserk!
The gnoll barely misses you. The gnoll closely misses you.
You furiously retaliate!
You headbutt the gnoll. The gnoll hits you with a +0 club!
The black bear bites you! The black bear claws you.
The black bear closely misses you. The gnoll barely misses you.
You shoot a sling bullet. The sling bullet hits the black bear!
The black bear is almost dead.
The black bear bites you.
You die...

..# ##+#
..# #..##
..# #...#
..# #...#
..# #...#
..#
#...##h.#
#.%.'@..#
#...#gg.+
#<[###..#
#+## ..#
..# ..#
..# ..#


You could see a black bear (berserk) and 2 gnolls.

Vanquished Creatures
  4 adders (D:2)
  A worm (D:2)
  4 dart slugs
  5 endoplasms
  5 giant cockroaches
  7 goblins
  6 hobgoblins
  4 kobolds (D:1)
  2 quokkas (D:1)
  2 ball pythons
  6 bats
  6 frilled lizards
  8 rats
60 creatures vanquished.

Notes
Turn   | Place    | Note
-------+----------+-------------------------------------------
     0 | D:1      | qw the Minotaur Hexslinger began the quest for the Orb.
     0 | D:1      | Reached XP level 1. HP: 16/16 MP: 1/1
     0 | D:1      | 0 ||| qw: Version: 0.3-a-51-g015441d
     0 | D:1      | 0 ||| qw: Game counter: 3895
     0 | D:1      | 0 ||| qw: Melee chars always use a shield: true
     0 | D:1      | 0 ||| qw: God list: Okawaru
     0 | D:1      | 0 ||| qw: Allow faded altars: false
     0 | D:1      | 0 ||| qw: Do Orc after clearing Dungeon:15 true
     0 | D:1      | 0 ||| qw: Do second Lair branch before Depths: true
     0 | D:1      | 0 ||| qw: Lair rune preference: random
     0 | D:1      | 0 ||| qw: Goals: Normal
     0 | D:1      | 0 ||| PLANNING D:1-11
    33 | D:1      | Reached skill level 3 in Ranged Weapons
    33 | D:1      | Reached XP level 2. HP: 23/23 MP: 2/2
    69 | D:1      | You fall into a shaft and drop 1 floor!
    73 | D:2      | Found Xeyshe Qusm's Book Shoppe.
   143 | D:2      | 143 ||| DROPPING scroll of poison.
   224 | D:1      | Reached XP level 3. HP: 30/30 MP: 3/3
   545 | D:1      | 545 ||| FLEEEEING.
   548 | D:1      | 548 ||| FLEEEEING.
   549 | D:1      | 549 ||| FLEEEEING.
   550 | D:1      | 550 ||| FLEEEEING.
   847 | D:1      | 847 ||| UPGRADING to +0 ring mail.
   857 | D:1      | 857 ||| DROPPING +0 robe.
   858 | D:1      | 858 ||| READING scroll labelled PULEWE KEMNI.
  1022 | D:2      | Reached skill level 4 in Ranged Weapons
  1032 | D:2      | Reached skill level 1 in Armour
  1048 | D:2      | Reached XP level 4. HP: 37/37 MP: 4/4
  1397 | D:2      | 1397 ||| READING scroll labelled EFFUEPTANYE.
  1398 | D:2      | 1398 ||| DRINKING 3 amethyst potions.
  1399 | D:2      | 1399 ||| READING 2 scrolls of identify.
  1399 | D:2      | 1399 ||| IDENTIFYING fizzy silvery potion
  1400 | D:2      | 1400 ||| DROPPING potion of berserk rage.
  1508 | D:3      | Found a glowing golden altar of the Shining One.
  1848 | D:3      | 1848 ||| UPGRADING to ring of willpower.
  1849 | D:3      | 1849 ||| READING scroll labelled QAWIKU HIAR.
  1850 | D:3      | 1850 ||| READING scroll labelled QYNWAYLIKK.
  1894 | D:4      | Noticed a black bear
  1900 | D:4      | HP: 5/37 [black bear (11)]
  1901 | D:4      | Slain by a black bear

Levels and vault maps discovered:
D:1:      dreamdust_arrival_beginning_and_end, layout_basic
D:2:      layout_loops_ring, serial_shops, nicolae_shop_rolling_square,
          mrwooster_statue_mirror
D:3:      layout_basic, tso_oasis_becter, st_stairs_10, grunt_ministairs_2
D:4:      layout_gridville, mainiacjoe_overflow_catwalk_spiral,
          minmay_temple_entry_enclosed_plants, serial_shops, shop,
          dk_noncrumbling_3

Skill      XL: |  1  2  3 |
---------------+----------+-----
Ranged Weapons | 3 4 |  4.7
Fighting       | 2 |  2.5
Armour         | 1 |  1.0
Dodging        | |  2.1
Spellcasting   | |  1.0
Hexes          | |  2.0

Action                     |  1- 3 |  4- 6 || total
---------------------------+-------+-------++-------
   Fire: Sling             |   102 |    53 ||   155
    Use: Scroll            |     1 |     4 ||     5
         Potion            |       |     1 ||     1
 Armour: Robe              |     5 |       ||     5
         Ring mail         |     2 |     2 ||     4
  Dodge: Dodged            |    17 |    18 ||    35

Table legend:
 A = Non-vault XP
 B = Vault XP
 C = Vault XP percentage of total XP
 D = Non-vault monster count
 E = Vault monster count
 F = Vault count percentage of total count
                 A         B        C        D         E       F
            +---------+---------+-------+---------+---------+-------
      Total |     147 |       7 |   4.5 |      56 |       4 |   6.7
            +---------+---------+-------+---------+---------+-------
        D:1 |      53 |       0 |   0.0 |      30 |       0 |   0.0
        D:2 |      79 |       0 |   0.0 |      17 |       0 |   0.0
        D:3 |      13 |       7 |  35.0 |       8 |       4 |  33.3
        D:4 |       2 |       0 |   0.0 |       1 |       0 |   0.0
            +---------+---------+-------+---------+---------+-------
